 Dungeon Crawl Stone Soup version 0.22-a0-240-g539252a (webtiles) character file.

3601 xccam the Covert (level 9, -11/58 HPs)
             Began as a Felid Monk on Feb 21, 2018.
             Was an Elder of Ru.
             Mangled by a two-headed ogre
             ... wielding a +0 giant club
              (31 damage)
             ... on level 11 of the Dungeon.
             The game lasted 00:54:14 (16551 turns).

xccam the Covert (Felid Monk)                      Turns: 16551, Time: 00:54:15

Health: -11/58     AC: -3    Str:  7    XL:     9   Next: 85%
Magic:  5/10       EV: 15    Int: 11    God:    Ru [****..]
Gold:   688        SH:  0    Dex: 23    Spells: 8/8 levels left
                                        Lives:  0   Deaths: 2

rFire    + . .     SeeInvis +     - Unarmed
rCold    + . .     Gourm    .   (shield unavailable)
rNeg     . . .     Faith    .   (armour unavailable)
rPois    .         Spirit   .   (helmet unavailable)
rElec    .         Reflect  .   (cloak unavailable)
rCorr    .         Harm     .   (gloves unavailable)
MR       +....                  (boots unavailable)
Stlth    ++++++....             (no amulet)
HPRegen  0.19/turn              h - ring of protection from fire
MPRegen  0.12/turn              m - ring of protection from cold

@: exhausted, quick
A: very small, no armour, no weapons or thrown items, stealth, claws 1, fangs 3,
see invisible, carnivore, deterioration 1, speed 1, robust 2, shaggy fur 2, slow
metabolism 1, inability to train dodging, reduced AC 1, sharp paws
a: Draw Out Power, Power Leap, Renounce Religion


You were on level 11 of the Dungeon.
You worshipped Ru.
Ru was greatly pleased with you.
You were not hungry.

You visited 2 branches of the dungeon, and saw 12 of its levels.
You also visited: Sewer, Ossuary and Bailey.

You collected 688 gold pieces.

Inventory:

Jewellery
 h - a ring of protection from fire (left paw)
 l - an uncursed ring of positive energy
 m - a ring of protection from cold (right paw)
 n - a +5 ring of evasion {unknown}
 x - an uncursed ring of protection from fire
 C - an uncursed ring of ice
Wands
 g - a wand of flame (14)
 i - a wand of random effects (34)
 y - a wand of digging (14)
 D - a wand of enslavement (8)
 F - a wand of acid (7)
Scrolls
 b - 8 scrolls of identify
 c - a scroll of teleportation
 e - 7 scrolls of remove curse
 f - a scroll of magic mapping
 k - a scroll of fog
 p - 2 scrolls of blinking
Potions
 d - 3 potions of flight
 j - 2 potions of heal wounds
 o - 3 potions of brilliance
 q - a potion of agility {unknown}
 r - 6 potions of curing
 s - 2 potions of cancellation
 t - a potion of magic {unknown}
 u - 2 potions of haste
 v - 4 potions of lignification
 w - a potion of berserk rage {unknown}
 A - a potion of mutation
 E - a potion of might {unknown}
Comestibles
 a - 26 rations


   Skills:
 * Level 12.2 Fighting
 + Level 13.5 Stealth
 + Level 10.1 Unarmed Combat


You had 8 spell levels left.
You didn't know any spells.

Dungeon Overview and Level Annotations

Branches:
Dungeon (11/15)            Temple (1/1) D:6            Lair (0/6) D:9
    Orc (0/2) D:9

Altars:
Ashenzari
Cheibriados
Dithmenos
Elyvilon
Fedhas
Gozag
Hepliaklqana
Kikubaaqudgha
Makhleb
Nemelex Xobeh
Okawaru
Qazlal
Ru
Sif Muna
Trog
Uskayaw
Vehumet
Wu Jian
Xom
Yredelemnul
Zin
The Shining One

Shops:
D:9 [(

Annotations:
D:5 2 runed doors
D:9 Duffy's ghost, novice NaFE


Innate Abilities, Weirdness & Mutations

You cannot wear armour.
You are incapable of wielding weapons or throwing items.
Your paws allow you to move quietly. (Stealth)
You have sharp claws.
You have razor-sharp teeth.
You have supernaturally acute eyesight. (SInv)
You are carnivorous and can eat meat at any time.
You cover ground quickly.
You are covered in thick fur. (AC +2)
You have a slow metabolism.
You cannot train Dodging skill.
You take slightly more damage. (AC -5)
Your sharp claws are effective at attacking unaware monsters.
Your body sometimes deteriorates upon taking damage.
You are very robust. (+20% HP)


Message History

A two-headed ogre comes into view. It is wielding two giant clubs.
An orc comes into view. It is wielding a dagger.
The two-headed ogre shouts in stereo!
The orc shouts!
All monsters which could be auto-targeted are covered by a wall or statue which interrupts your line of fire, even though it doesn't interrupt your line of sight.
Aiming: Power Leap
Press: ? - help, Dir - move target cursor, f - you
Okay, then.
Aiming: Power Leap
Press: ? - help, Dir - move target cursor You hear a shout!
The two-headed ogre hits you with a giant club!!
Ouch! That really hurt!
The two-headed ogre hits you with a giant club.
You claw the two-headed ogre!
The two-headed ogre is severely wounded.
You scratch the two-headed ogre.
The two-headed ogre is severely wounded.
The two-headed ogre hits you with a giant club!!
Ouch! That really hurt!
You die...

#. .$.....# #..
#.....#
#.o##.....##
#..........#
+..........#
######......#
#....#.o....#
#....#.O....#
#....#.@....#
#....#.....##
#....'.....#
#....#.....#
#...>#.....#
#....#.....#
#####....#######
#....#####
#....#...#


You could see a two-headed ogre and an orc.

Vanquished Creatures
  2 two-headed ogres
  Pikel (D:8)
  4 deep elf magi
  Joseph (D:8)
  A komodo dragon (D:9)
  The ghost of anet the Magician, a novice DEWz (D:5)
  The ghost of xccam the Cutter, an amateur DrMo (D:4)
  Sigmund (D:4)
  4 hogs (D:9)
  A human (D:9)
  A sky beast (D:8)
  4 orc warriors
  4 black bears
  5 ogres
  3 ice beasts
  A slave (D:8)
  A phantom (D:7)
  2 centaurs
  6 big kobolds
  The ghost of Galewind the Conjurer, an amateur DECj (D:3)
  5 bullfrogs
  A gnoll sergeant (D:5)
  A water moccasin zombie (D:8)
  10 scorpions
  5 killer bees
  4 wights (D:8)
  5 howler monkeys
  8 crimson imps
  A bullfrog zombie (D:6)
  A quasit (D:9)
  5 centaur zombies
  8 hounds
  2 human zombies (Ossuary)
  5 orc priests
  Crazy Yiuf (D:4)
  3 jellies
  5 orc wizards
  2 centaur skeletons
  Ijyb (D:3)
  An iguana (D:8)
  Natasha (thrice) (D:4)
  7 worker ants
  3 big kobold zombies (Ossuary)
  A hound zombie (D:8)
  2 hound skeletons
  3 mummies (Ossuary)
  A worker ant zombie (D:10)
  12 adders
  7 gnolls
  2 river rats
  A scorpion zombie (Ossuary)
  2 shadow imps
  5 oozes
  2 adder zombies
  2 adder skeletons (D:7)
  10 worms
  10 leopard geckos
  29 orcs
  5 giant cockroaches
  3 gnoll zombies (Ossuary)
  10 goblins
  6 hobgoblins
  3 jackals (D:2)
  3 quokkas
  6 ball pythons
  6 bats
  6 frilled lizards
  5 goblin zombies (Ossuary)
  A hobgoblin zombie (Ossuary)
  17 kobolds
  3 orc zombies (Ossuary)
  A quokka skeleton (D:6)
  12 rats
  A plant (D:9)
309 creatures vanquished.

Vanquished Creatures (others)
  A big kobold (D:9)
  An adder (D:11)
  3 plants (D:9)
5 creatures vanquished.

Grand Total: 314 creatures vanquished

Notes
Turn   | Place    | Note
-------+----------+-------------------------------------------
     0 | D:1      | xccam the Felid Monk began the quest for the Orb.
     0 | D:1      | Reached XP level 1. HP: 10/10 MP: 2/2
    46 | D:1      | Reached skill level 3 in Stealth
   142 | D:1      | Reached XP level 2. HP: 13/14 MP: 3/3
   758 | D:2      | Found a stormy altar of Qazlal.
   806 | D:2      | Found a shimmering altar of Xom.
   807 | D:2      | Reached skill level 4 in Stealth
   821 | D:2      | Reached XP level 3. HP: 17/17 MP: 4/4
  1450 | D:3      | Found a radiant altar of Vehumet.
  1451 | D:3      | Found a burning altar of Makhleb.
  1454 | D:3      | Reached XP level 4. HP: 21/21 MP: 5/5
  1481 | D:3      | Found an iron altar of Okawaru.
  1522 | D:3      | Reached skill level 5 in Stealth
  1579 | D:3      | Noticed Ijyb
  2285 | D:3      | Killed Ijyb
  2288 | D:3      | Noticed Galewind's ghost (amateur DECj)
  2887 | D:3      | Reached XP level 5. HP: 24/24 MP: 6/6
  2913 | D:3      | Killed Galewind's ghost
  2913 | D:3      | Reached skill level 6 in Stealth
  2934 | D:3      | Reached skill level 5 in Unarmed Combat
  3247 | D:3      | Found a blossoming altar of Fedhas.
  3569 | D:4      | Found a runed door.
  3610 | D:4      | Noticed Natasha
  3620 | D:4      | Killed Natasha
  3620 | D:4      | Gained mutation: You are covered in thick fur. (AC +2) [Felid growth]
  3620 | D:4      | Reached XP level 6. HP: 20/28 MP: 7/7
  3784 | D:4      | Found a glowing drain.
  3788 | Sewer    | Entered a sewer
  4276 | Sewer    | Reached skill level 7 in Stealth
  4896 | Sewer    | Reached XP level 7. HP: 9/32 MP: 8/8
  5454 | D:4      | Reached skill level 8 in Stealth
  5536 | D:4      | Noticed xccam's ghost (amateur DrMo)
  5561 | D:4      | Killed xccam's ghost
  5561 | D:4      | Reached skill level 5 in Fighting
  5561 | D:4      | Reached XP level 8. HP: 19/37 MP: 9/9
  5803 | D:4      | Noticed Crazy Yiuf
  5816 | D:4      | Killed Crazy Yiuf
  6020 | D:4      | Noticed Natasha
  6448 | D:4      | Killed Natasha
  6629 | D:4      | Noticed Sigmund
  6705 | D:4      | Killed Sigmund
  6705 | D:4      | Reached skill level 9 in Stealth
  6802 | D:4      | Noticed Natasha
  6811 | D:4      | Killed Natasha
  7058 | D:5      | Entered Level 5 of the Dungeon
  7115 | D:5      | Found an ornate altar of the Wu Jian Council.
  7179 | D:5      | Noticed anet's ghost (novice DEWz)
  7193 | D:5      | Killed anet's ghost
  7238 | D:5      | Found an opulent altar of Gozag.
  7238 | D:5      | Found a glowing silver altar of Zin.
  7356 | D:5      | Found a large runed door.
  7356 | D:5      | Found a large runed door.
  7383 | D:5      | Found a large runed door.
  7383 | D:5      | Found a large runed door.
  7396 | D:5      | Reached XP level 9. HP: 43/43 MP: 10/10
  7645 | D:5      | Found a sand-covered staircase.
  7651 | Ossuary  | Entered an ossuary
  7678 | Ossuary  | Reached skill level 10 in Stealth
  8981 | D:5      | Gained mutation: Your body sometimes deteriorates upon taking damage. [potion of mutation]
  8981 | D:5      | Gained mutation: You are robust. (+10% HP) [potion of mutation]
  8981 | D:5      | Gained mutation: You are very robust. (+20% HP) [potion of mutation]
  9256 | D:6      | Reached skill level 11 in Stealth
  9636 | D:6      | Found a staircase to the Ecumenical Temple.
  9653 | Temple   | Entered the Ecumenical Temple
  9660 | Temple   | Became a worshipper of Ru the Awakened
  9661 | Temple   | Gained mutation: You take slightly more damage. (AC -5) [Ru sacrifice]
  9661 | Temple   | Reached * piety under Ru
  9661 | Temple   | Reached ** piety under Ru
 10128 | D:6      | You fall through a shaft for 3 floors!
 10129 | D:9      | Noticed a two-headed ogre
 10172 | D:9      | Found a staircase to the Lair.
 10172 | D:9      | Noticed a komodo dragon
 10747 | D:7      | Reached XP level 10. HP: 57/60 MP: 11/11
 11164 | D:7      | Found a hazy altar of Hepliaklqana.
 11318 | D:7      | You fall through a shaft!
 11789 | D:8      | Noticed a two-headed ogre
 11793 | D:8      | Killed a two-headed ogre
 11793 | D:8      | Reached skill level 10 in Fighting
 12555 | D:8      | Reached skill level 12 in Stealth
 12841 | D:8      | Noticed Pikel
 13109 | D:8      | Killed Pikel
 13386 | D:8      | Noticed Joseph
 13390 | D:8      | Killed Joseph
 13467 | D:8      | Gained mutation: You cannot train Dodging skill. [Ru sacrifice]
 13467 | D:8      | Reached *** piety under Ru
 13467 | D:8      | Reached **** piety under Ru
 13599 | D:9      | Found Pyneh's Antique Weapon Emporium.
 13607 | D:9      | Found Ibiet's Food Boutique.
 13969 | D:9      | Found Higraef's Antique Armour Shoppe.
 14130 | D:9      | Found an ancient bone altar of Kikubaaqudgha.
 14197 | D:9      | Found a staircase to the Orcish Mines.
 14497 | D:9      | Reached XP level 11. HP: 57/66 MP: 4/12
 14594 | D:9      | Noticed Duffy's ghost (novice NaFE)
 15208 | D:10     | Entered Level 10 of the Dungeon
 15240 | D:10     | Found a flagged portal.
 15260 | D:10     | Hit by a stone thrown by an orc warrior
 15261 | D:10     | Reached XP level 10. HP: -6/62 MP: 8/11
 15282 | D:10     | Noticed a two-headed ogre
 15479 | Bailey   | Entered a bailey
 15486 | Bailey   | Noticed a deep elf mage
 15499 | Bailey   | Killed a deep elf mage
 15499 | Bailey   | Reached skill level 13 in Stealth
 15644 | Bailey   | Noticed a deep elf mage
 15645 | Bailey   | Noticed a deep elf mage
 15645 | Bailey   | Noticed a deep elf mage
 15646 | Bailey   | Noticed a deep elf mage
 15648 | Bailey   | Noticed a deep elf mage
 15648 | Bailey   | Noticed a deep elf mage
 15659 | Bailey   | Killed a deep elf mage
 15664 | Bailey   | Killed a deep elf mage
 15679 | D:10     | Killed a deep elf mage
 15679 | D:10     | Reached skill level 10 in Unarmed Combat
 16256 | D:10     | Killed a two-headed ogre
 16497 | D:11     | HP: 2/63 [centaur warrior zombie (7)]
 16497 | D:11     | Slain by a necrophage
 16498 | D:11     | Reached XP level 9. HP: -4/58 MP: 7/10
 16536 | D:11     | Noticed a two-headed ogre
 16551 | D:11     | Mangled by a two-headed ogre

Vault maps used:
D:1:      scummos_arrival_checkerplants
D:2:      xom_butterflies, old_standard_altar
D:3:      cheibrodos_old_hovel, grunt_temple_overflow_lords_of_destruction,
          kennysheep_okawaru_gauntlet, first_ration, fedhas_altar_2, uniq_ijyb
D:4:      gup_sewer_entry_spiral, uniq_crazy_yiuf_cottage, uniq_natasha,
          uniq_sigmund
D:5:      grunt_temple_overflow_gold_and_silver, lemuel_coloured_pillars_altar,
          enter_ossuary_5, minmay_hollow_rounded_squares
D:6:      minmay_temple_entry_glass
D:7:      old_standard_altar, lemuel_statue_altar
D:8:      dk_noncrumbling_3, uniq_pikel, uniq_joseph
D:9:      old_standard_altar, david_lair_shrubbed, orc_0_dummy, serial_shops,
          nicolae_shop_behind_doors, shop_coins, nicolae_shop_waterfront,
          grunt_livestock
D:10:     enter_bailey_2
D:11:     nicolae_transmutations_shop
Temple:   nicolae_temple_no_exploring_needed
Sewer:    sewer_co_tree
Ossuary:  ossuary_minmay_scorpions
Bailey:   bailey_polearm_3, bailey

Skill      XL: |  1  2  3  4  5  6  7  8  9 10 |
---------------+-------------------------------+-----
Stealth        | 3 4 5 6 7 8 9 11 13 | 13.5
Unarmed Combat | 4 5 6 7 8 10 | 10.1
Fighting       | 4 5 7 9 12 | 12.2
Dodging        | 0 |  0.0

Action                   |  1- 3 |  4- 6 |  7- 9 | 10-12 || total
-------------------------+-------+-------+-------+-------++-------
Melee: Unarmed           |    72 |   201 |   466 |   406 ||  1145
       Bite              |     5 |    18 |    71 |    46 ||   140
       Punch             |     1 |     6 |    23 |    20 ||    50
Invok: Power Leap        |       |       |     1 |     8 ||     9
       Sacrifice Health  |       |       |     1 |       ||     1
       Draw Out Power    |       |       |       |     3 ||     3
       Sacrifice Nimblen |       |       |       |     1 ||     1
Evoke: Wand              |     2 |    12 |    18 |     6 ||    38
  Use: Scroll            |     7 |     1 |     6 |     4 ||    18
       Potion            |       |       |     7 |     3 ||    10
 Stab: Sleeping          |     8 |    21 |    36 |    15 ||    80
       Paralysed         |       |     2 |       |       ||     2
       Distracted        |       |       |     4 |     5 ||     9
       Invisible         |       |       |     1 |     7 ||     8
       Fleeing           |       |       |       |     1 ||     1
  Eat: Chunk             |     8 |     6 |    12 |    14 ||    40
Armor: Skin              |     2 |     7 |    14 |       ||    23
Dodge: Dodged            |    45 |   120 |   296 |   244 ||   705

Table legend:
 A = Spawn XP
 B = Non-spawn XP
 C = Spawn XP percentage of total XP
 D = Spawn monster count
 E = Non-spawn monster count
 F = Spawn count percentage of total count
 G = Total turns spent on level
                    A         B        C        D         E        F      G
               +---------+---------+-------+---------+---------+-------+---------
         Total |       0 |   15946 |   0.0 |       0 |     308 |   0.0 | 16551
               +---------+---------+-------+---------+---------+-------+---------
           D:1 |       0 |      25 |   0.0 |       0 |      14 |   0.0 |   549
           D:2 |       0 |      37 |   0.0 |       0 |      17 |   0.0 |  1699
           D:3 |       0 |     288 |   0.0 |       0 |      30 |   0.0 |  1361
           D:4 |       0 |    1152 |   0.0 |       0 |      38 |   0.0 |  1838
           D:5 |       0 |    1336 |   0.0 |       0 |      25 |   0.0 |  1262
           D:6 |       0 |     988 |   0.0 |       0 |      19 |   0.0 |  1022
           D:7 |       0 |     670 |   0.0 |       0 |      21 |   0.0 |  1330
           D:8 |       0 |    3388 |   0.0 |       0 |      27 |   0.0 |  2099
           D:9 |       0 |    2145 |   0.0 |       0 |      31 |   0.0 |  1967
          D:10 |       0 |    2634 |   0.0 |       0 |      19 |   0.0 |   595
          D:11 |       0 |      57 |   0.0 |       0 |       4 |   0.0 |    77
         Sewer |       0 |     588 |   0.0 |       0 |      28 |   0.0 |  1611
       Ossuary |       0 |     897 |   0.0 |       0 |      32 |   0.0 |   933
        Bailey |       0 |    1741 |   0.0 |       0 |       3 |   0.0 |   192
               +---------+---------+-------+---------+---------+-------+---------
